Wolfes vs Remparts (R1)

Created - February 28, 2021 at 19:29

Goals
1 2 3 T
Wolfes 2 2 2 6
Remparts 4 1 2 7
Shots
1 2 3 T
Wolfes 10 10 14 34
Remparts 16 20 9 45

1st period

1. Remparts , Jonathan Huberdeau 14 (Michael Latta 44, Tobias Rieder 38) at 8:15
2. Wolfes , Damon Severson 14 (Michael Stone 18) at 11:00 (PP)
3. Remparts , Quinton Howden 12 (Aaron Ekblad 40) at 11:59 (SH)
4. Remparts , Michael Latta 35 (Jonathan Huberdeau 18) at 13:45
5. Wolfes , Kyle Rau 25 (Michael Stone 19, Damon Severson 30) at 14:21 (PP)
6. Remparts , Kerby Rychel 19 (Quinton Howden 27, Michal Jordan 25) at 16:20 (PP)

Penalties :
Fredrik Olofsson (RIM) for Delaying the game (Minor) at 5:39, Griffin Reinhart (Que) for High sticking (Minor) at 9:54, Tobias Rieder (Que) for Hooking (Minor) at 10:16, Tobias Rieder (Que) for Tripping (Minor) at 14:00, Lawson Crouse (RIM) for Tripping (Minor) at 15:33

2nd period

7. Remparts , Tobias Rieder 31 (Michael Latta 45, Jonathan Huberdeau 19) at 14:34 (PP)
8. Wolfes , Jakub Zboril 1 (Alexandre Grenier 40, Sebastian Aho 43) at 16:11
9. Wolfes , Max Friberg 35 (Martin Hanzal 40, Alexandre Grenier 41) at 17:18

Penalties :
Igor Bobkov (Que) for Slashing (Minor) at 7:08 - William Colbert served the penalty, Eric Robinson (RIM) for Hooking (Minor) at 12:44

3rd period

10. Wolfes , Max Friberg 36 (Lawson Crouse 14, Sebastian Aho 44) at 10:16 (PP)
11. Remparts , Jonathan Huberdeau 15 (Michal Jordan 26, Michael Latta 46) at 10:22
12. Wolfes , Lawson Crouse 20 (Thomas Spelling 7) at 12:53 (SH)
13. Remparts , Kyle Platzer 5 (Aaron Ekblad 41, Michal Jordan 27) at 14:02

Penalties :
Michael Latta (Que) for Hooking (Minor) at 9:59, Alexandre Grenier (RIM) for Hooking (Minor) at 11:42, Kerby Rychel (Que) for Hooking (Minor) at 16:12

Goalie Stats

Laurent Brossoit (RIM), 28 saves from 31 shots - (0.903), L, 24-13-3, 42:40 minutes
Ebbe Siönäs (RIM), 10 saves from 14 shots - (0.714), 16:20 minutes
Igor Bobkov (Que), 28 saves from 34 shots - (0.824), W, 26-8-1, 60:00 minutes

Players Stats for Wolfes

Player Name              G  A  P  +/- PIM S  H  SB GA TA FO     MP     PP MP  PK MP  
------------------------------------------------------------------------------------
Alexandre Grenier        0  2  2  -2  2   1  3  0  0  0  5/10   16:37   0:00   3:25 
Damon Severson           1  1  2   1  0   3  1  2  1  2  0/0    25:49   4:51   2:36 
Eric Robinson            0  0  0   0  2   1  2  0  1  0  0/0    12:20   0:00   0:00 
Fredrik Olofsson         0  0  0  -1  2   1  3  1  0  0  1/2    17:26   3:39   0:00 
Jakub Zboril             1  0  1   0  0   1  0  1  0  1  0/0    12:39   0:00   0:00 
Jeffrey Foss             0  0  0  -3  0   1  1  1  1  1  0/0    21:32   2:06   3:59 
Joe Morrow               0  0  0  -2  0   0  1  3  0  0  0/0    19:19   2:06   3:59 
Kyle Rau                 1  0  1  -3  0   4  2  0  0  0  8/19   18:45   3:39   2:10 
Lawson Crouse            1  1  2   0  2   2  2  1  0  0  3/4    22:27   3:03   0:39 
Louis Belpedio           0  0  0   0  0   0  0  1  0  0  0/0    17:22   0:00   0:00 
Martin Hanzal            0  1  1   1  0   3  2  1  1  0  1/6    11:57   0:00   0:00 
Matthew Highmore         0  0  0   0  0   0  0  0  0  0  4/4     7:36   0:21   0:00 
Max Friberg              2  0  2   0  0   6  1  1  0  0  0/1    18:58   3:18   1:11 
Michael Stone            0  2  2   0  0   0  5  1  0  2  0/0    23:19   4:51   2:36 
Nolan Vesey              0  0  0   0  0   0  0  0  0  0  0/0     0:00   0:00   0:00 
Sebastian Aho            0  2  2  -2  0   4  2  1  0  0  11/27  23:22   3:18   4:45 
Thomas Spelling          0  1  1   0  0   6  1  0  1  0  2/3    11:55   3:33   1:00 
Victor Olofsson          0  0  0   0  0   1  0  0  0  0  0/0    11:58   0:00   0:00 

Players Stats for Remparts

Player Name              G  A  P  +/- PIM S  H  SB GA TA FO     MP     PP MP  PK MP  
------------------------------------------------------------------------------------
Aaron Ekblad             0  2  2   2  0   3  2  0  0  0  0/0    32:05   5:00   4:58 
Griffin Reinhart         0  0  0   0  2   4  0  1  0  0  0/0    16:31   1:35   0:33 
Jake Virtanen            0  0  0  -1  0   1  0  0  0  0  0/0    10:41   1:06   0:00 
Jerry D'Amigo            0  0  0  -1  0   2  0  0  0  0  1/1    15:01   0:00   1:19 
John Draeger             0  0  0   0  0   0  1  0  0  0  0/0    12:44   0:00   1:59 
Jonathan Huberdeau       2  2  4   2  0   6  1  0  0  0  2/3    22:15   5:29   1:21 
Kerby Rychel             1  0  1  -1  2   7  2  0  0  0  0/0    15:20   1:06   0:00 
Kyle Platzer             1  0  1   1  0   1  0  0  0  0  1/2     6:33   0:00   0:00 
Matt Puempel             0  0  0  -1  0   2  0  0  0  0  1/1     9:27   0:00   0:00 
Michael Latta            1  3  4   2  2   5  2  0  2  1  24/44  27:15   5:29   5:09 
Michael McCarron         0  0  0   1  0   0  1  0  0  0  1/1     6:33   0:00   0:00 
Michal Jordan            0  3  3   1  0   3  0  3  1  1  0/0    25:31   5:00   0:00 
Mitchell Heard           0  0  0  -1  0   2  1  1  0  2  2/4     9:27   0:00   0:00 
Niklas Hansson           0  0  0   1  0   1  2  0  0  1  0/0    16:46   0:00   5:15 
Quinton Howden           1  1  2   0  0   2  2  1  0  0  9/16   16:44   1:06   1:48 
Roberts Lipsbergs        0  0  0   2  0   0  2  0  0  0  0/0     6:45   0:00   0:12 
Tobias Rieder            1  1  2   2  4   6  1  2  3  0  0/4    25:26   5:29   3:20 
William Colbert          0  0  0   0  0   0  2  1  0  0  0/0    17:10   1:35   1:09 

3 Stars

1 - Jonathan Huberdeau (Que)
2 - Michael Latta (Que)
3 - Max Friberg (RIM)

Power Play

Wolfes - 3 on 6 Attempt(s) - 50.00%
Remparts - 2 on 4 Attempt(s) - 50.00%

Penalty Kill

Wolfes - 2 on 4 Attempt(s) - 50.00% - Score 1 goal in Penalty Kill
Remparts - 3 on 6 Attempt(s) - 50.00% - Score 1 goal in Penalty Kill

Team Stat

Wolfes - Hits : 26 - Faceoff Wins : 35 - Blocked Shots : 14 - Penalty Minutes : 8
Remparts - Hits : 19 - Faceoff Wins : 41 - Blocked Shots : 9 - Penalty Minutes : 12

Official

Referees : Unknown
Linesman : Unknown

Game Notes

Laurent Brossoit enters game at 16:20 of 1st period

Finance

Level 1 -- Attendance: 1770 (88.50%) -- Ticket Income $53,100
Level 2 -- Attendance: 717 (71.70%) -- Ticket Income $14,340
Total Attendance: 2487 (82.90%)
Total Ticket Income: $67,440
Other Income: $3,372
Total Income: $70,812

Wolfes

5 vs 5 Forward 
   Center                   Left Wing                Right Wing               Time % Phy DF OF 
 1 Sebastian Aho            Lawson Crouse            Alexandre Grenier        33     1   2  2  
 2 Martin Hanzal            Fredrik Olofsson         Max Friberg              26     1   2  2  
 3 Kyle Rau                 Eric Robinson            Victor Olofsson          22     1   2  2  
 4 Matthew Highmore         Lawson Crouse            Thomas Spelling          19     1   2  2  

5 vs 5 Defense 
   Defense                  Defense                                           Time % Phy DF OF 
 1 Jeffrey Foss             Michael Stone                                     36     1   2  2  
 2 Louis Belpedio           Damon Severson                                    34     1   2  2  
 3 Joe Morrow               Jakub Zboril                                      30     1   2  2  
 4 Damon Severson           Michael Stone                                     0      1   2  2  

PowerPlay Forward 
   Center                   Left Wing                Right Wing               Time % Phy DF OF 
 1 Sebastian Aho            Lawson Crouse            Max Friberg              50     1   2  2  
 2 Kyle Rau                 Fredrik Olofsson         Thomas Spelling          50     1   2  2  

PowerPlay Defense
   Defense                  Defense                                           Time % Phy DF OF 
 1 Michael Stone            Damon Severson                                    60     1   2  2  
 2 Jeffrey Foss             Joe Morrow                                        40     1   2  2  

Penalty Kill 4 Players Forward 
   Center                   Wing                     Time % Phy DF OF 
 1 Alexandre Grenier        Sebastian Aho            60     1   2  2  
 2 Kyle Rau                 Max Friberg              40     1   2  2  

Penalty Kill 4 Players Defense
   Defense                  Defense                  Time % Phy DF OF 
 1 Jeffrey Foss             Joe Morrow               60     1   2  2  
 2 Damon Severson           Michael Stone            40     1   2  2  

Penalty Kill - 3 Players Forward 
   Forward                                           Time % Phy DF OF 
 1 Alexandre Grenier                                 60     1   2  2  
 2 Martin Hanzal                                     40     1   2  2  

Penalty Kill - 3 Players Defense
   Defense                  Defense                  Time % Phy DF OF 
 1 Jeffrey Foss             Damon Severson           60     1   2  2  
 2 Joe Morrow               Jakub Zboril             40     1   2  2  

4 vs 4 Forward 
   Center                   Wing                     Time % Phy DF OF 
 1 Martin Hanzal            Victor Olofsson          60     1   2  2  
 2 Kyle Rau                 Max Friberg              40     1   2  2  

4 vs 4 Defense
   Defense                  Defense                  Time % Phy DF OF 
 1 Jeffrey Foss             Michael Stone            60     1   2  2  
 2 Damon Severson           Jakub Zboril             40     1   2  2  

Last Minutes Offensive
   Center                   Left Wing                Right Wing               Defense                  Defense                  
   Sebastian Aho            Fredrik Olofsson         Max Friberg              Joe Morrow               Damon Severson           

Last Minutes Defensive
   Center                   Left Wing                Right Wing               Defense                  Defense                  
   Martin Hanzal            Lawson Crouse            Alexandre Grenier        Michael Stone            Jeffrey Foss             

Goaltenders
Starting : Ebbe Siönäs              
Backup : Laurent Brossoit         

Extra Forwards
Normal : Thomas Spelling, Eric Robinson, Matthew Highmore - PP : Matthew Highmore, Eric Robinson - PK : Thomas Spelling
Extra Defensemen
Normal : Jakub Zboril, Louis Belpedio, Joe Morrow - PP : Jakub Zboril - PK : Louis Belpedio, Jakub Zboril
Penalty Shots
Sebastian Aho, Martin Hanzal, Damon Severson, Alexandre Grenier, Max Friberg

Scratches
Blake Pietila (Left Knee Injury), Kevin Stenlund (Healthy), Zachary Senyshyn (Healthy), Austin Wuthrich (Healthy), Anton Lindholm (Bruised Right Arm Injury)
Cameron Darcy (Healthy), Vaclav Karabacek (Healthy), Kyle Pettit (Healthy), Dylan Sadowy (Healthy), Anton Karlsson (Healthy)

Remparts

5 vs 5 Forward 
   Center                   Left Wing                Right Wing               Time % Phy DF OF 
 1 Michael Latta            Jonathan Huberdeau       Tobias Rieder            40     0   2  3  
 2 Quinton Howden           Kerby Rychel             Jerry D'Amigo            30     0   2  3  
 3 Mitchell Heard           Matt Puempel             Jake Virtanen            20     0   3  2  
 4 Kyle Platzer             Roberts Lipsbergs        Michael McCarron         10     1   2  2  

5 vs 5 Defense 
   Defense                  Defense                                           Time % Phy DF OF 
 1 Aaron Ekblad             Michal Jordan                                     40     0   2  3  
 2 Griffin Reinhart         William Colbert                                   30     0   2  3  
 3 Niklas Hansson           John Draeger                                      20     1   2  2  
 4 Aaron Ekblad             Michal Jordan                                     10     0   2  3  

PowerPlay Forward 
   Center                   Left Wing                Right Wing               Time % Phy DF OF 
 1 Michael Latta            Jonathan Huberdeau       Tobias Rieder            60     0   1  4  
 2 Quinton Howden           Kerby Rychel             Jake Virtanen            40     0   1  4  

PowerPlay Defense
   Defense                  Defense                                           Time % Phy DF OF 
 1 Aaron Ekblad             Michal Jordan                                     60     0   2  3  
 2 Griffin Reinhart         William Colbert                                   40     0   2  3  

Penalty Kill 4 Players Forward 
   Center                   Wing                     Time % Phy DF OF 
 1 Michael Latta            Tobias Rieder            60     1   3  1  
 2 Quinton Howden           Jerry D'Amigo            40     1   3  1  

Penalty Kill 4 Players Defense
   Defense                  Defense                  Time % Phy DF OF 
 1 Aaron Ekblad             Niklas Hansson           60     1   4  0  
 2 William Colbert          John Draeger             40     1   4  0  

Penalty Kill - 3 Players Forward 
   Forward                                           Time % Phy DF OF 
 1 Michael Latta                                     60     1   3  1  
 2 Tobias Rieder                                     40     1   3  1  

Penalty Kill - 3 Players Defense
   Defense                  Defense                  Time % Phy DF OF 
 1 Aaron Ekblad             Niklas Hansson           60     1   4  0  
 2 John Draeger             William Colbert          40     1   4  0  

4 vs 4 Forward 
   Center                   Wing                     Time % Phy DF OF 
 1 Michael Latta            Jonathan Huberdeau       60     0   2  3  
 2 Quinton Howden           Tobias Rieder            40     0   2  3  

4 vs 4 Defense
   Defense                  Defense                  Time % Phy DF OF 
 1 Aaron Ekblad             Michal Jordan            60     0   2  3  
 2 Griffin Reinhart         William Colbert          40     0   2  3  

Last Minutes Offensive
   Center                   Left Wing                Right Wing               Defense                  Defense                  
   Michael Latta            Jonathan Huberdeau       Tobias Rieder            Aaron Ekblad             Michal Jordan            

Last Minutes Defensive
   Center                   Left Wing                Right Wing               Defense                  Defense                  
   Michael Latta            Kerby Rychel             Tobias Rieder            Aaron Ekblad             Niklas Hansson           

Goaltenders
Starting : Igor Bobkov              
Backup : Garret Sparks            

Extra Forwards
Normal : Jake Virtanen, Jonathan Huberdeau, Tobias Rieder - PP : Jake Virtanen, Jonathan Huberdeau - PK : Michael Latta
Extra Defensemen
Normal : Griffin Reinhart, Aaron Ekblad, Michal Jordan - PP : Aaron Ekblad - PK : John Draeger, Aaron Ekblad
Penalty Shots
Jerry D'Amigo, Jake Virtanen, Jonathan Huberdeau, Quinton Howden, Tobias Rieder

Scratches
Viktor Baldayev (Healthy), Juuso Ikonen (Healthy), Keaton Thompson (Healthy), Connor Honey (Healthy), Lukas Vejdemo (Healthy)
Dmytro Timashov (Healthy), Anton Zlobin (Healthy), Aleksander Barkov (Strained Right Elbow Injury), Nelson Nogier (Healthy), Jake Walman (Healthy)
Marek Langhamer (Healthy)

% Time on Ice - Wolfes

Lines # - Real PCT - Wanted PCT - Time Play
Normal Forward
1 - 32% - 33% - 14:15
2 - 28% - 26% - 12:34
3 - 26% - 22% - 11:58
4 - 14% - 19% - 6:27
Normal Defense
1 - 36% - 36% - 16:18
2 - 36% - 34% - 16:17
3 - 28% - 30% - 12:39
4 - 0% - 0% - 0:00
PP Forward
1 - 47% - 50% - 3:18
2 - 53% - 50% - 3:39
PP Defense
1 - 70% - 60% - 4:51
2 - 30% - 40% - 2:06
PK Forward
1 - 82% - 60% - 5:24
2 - 18% - 40% - 1:11
PK Defense
1 - 61% - 60% - 3:59
2 - 39% - 40% - 2:36
PK3 Forward
1 - 0% - 60%
2 - 0% - 40%
PK3 Defense
1 - 0% - 60%
2 - 0% - 40%
44 Forward
1 - 0% - 60%
2 - 0% - 40%
44 Defense
1 - 0% - 60%
2 - 0% - 40%
Last Minute Offensive  - 1:14
Last Minute Defensive  - 0:00
Total
Forward - 60:00
Defense - 60:00

% Time on Ice - Remparts

Lines # - Real PCT - Wanted PCT - Time Play
Normal Forward
1 - 34% - 40% - 15:25
2 - 31% - 30% - 13:50
3 - 21% - 20% - 9:27
4 - 14% - 10% - 6:33
Normal Defense
1 - 41% - 40% - 18:34
2 - 32% - 30% - 14:26
3 - 24% - 20% - 10:43
4 - 3% - 10% - 1:32
PP Forward
1 - 83% - 60% - 5:29
2 - 17% - 40% - 1:06
PP Defense
1 - 76% - 60% - 5:00
2 - 24% - 40% - 1:35
PK Forward
1 - 79% - 60% - 4:54
2 - 21% - 40% - 1:19
PK Defense
1 - 64% - 60% - 4:00
2 - 36% - 40% - 2:13
PK3 Forward
1 - 93% - 60% - 0:41
2 - 7% - 40% - 0:03
PK3 Defense
1 - 100% - 60% - 0:44
2 - 0% - 40% - 0:00
44 Forward
1 - 0% - 60%
2 - 0% - 40%
44 Defense
1 - 0% - 60%
2 - 0% - 40%
Last Minute Offensive  - 0:00
Last Minute Defensive  - 1:13
Total
Forward - 60:00
Defense - 60:00

Play-by-Play

1st period


0:01 of 1st period - Michael Latta wins face-off versus Sebastian Aho in neutral zone.
0:26 of 1st period - Icing by Aaron Ekblad.
0:27 of 1st period - Quinton Howden wins face-off versus Martin Hanzal in Remparts zone.
0:42 of 1st period - Kerby Rychel is hit by Fredrik Olofsson.
0:55 of 1st period - Off-side.
0:56 of 1st period - Kyle Rau wins face-off versus Mitchell Heard in neutral zone.
2:09 of 1st period - Icing by Niklas Hansson.
2:10 of 1st period - Kyle Platzer wins face-off versus Alexandre Grenier in Remparts zone.
2:37 of 1st period - Wrist shot by Kerby Rychel.
2:37 of 1st period - Stopped by Ebbe Siönäs with a rebound.
2:43 of 1st period - Snap shot by Kerby Rychel.
2:43 of 1st period - Shot Misses the Net.
3:13 of 1st period - Wrist shot by Mitchell Heard.
3:13 of 1st period - Stopped by Ebbe Siönäs without a rebound.
3:14 of 1st period - Martin Hanzal wins face-off versus Mitchell Heard in Wolfes zone.
3:18 of 1st period - Off-side.
3:19 of 1st period - Sebastian Aho wins face-off versus Michael Latta in neutral zone.
3:25 of 1st period - Off-side.
3:26 of 1st period - Michael Latta wins face-off versus Sebastian Aho in neutral zone.
3:29 of 1st period - Snap shot by Jonathan Huberdeau.
3:29 of 1st period - Stopped by Ebbe Siönäs with a rebound.
3:35 of 1st period - Snap shot by Michael Latta.
3:35 of 1st period - Shot Misses the Net.
3:59 of 1st period - Slapshot by Lawson Crouse.
3:59 of 1st period - Shot Misses the Net.
4:01 of 1st period - Snap shot by Lawson Crouse.
4:01 of 1st period - Stopped by Igor Bobkov without a rebound.
4:02 of 1st period - Quinton Howden wins face-off versus Kyle Rau in Remparts zone.
4:02 of 1st period - Quinton Howden is hit by Michael Stone.
4:52 of 1st period - Joe Morrow is hit by Michael McCarron and loses puck.
5:09 of 1st period - Michal Jordan is hit by Alexandre Grenier and loses puck.
5:24 of 1st period - Snap shot by Kerby Rychel.
5:24 of 1st period - Deflect By Jerry D'Amigo.
5:24 of 1st period - Stopped by Ebbe Siönäs with a rebound.
5:39 of 1st period - Minor Penalty to Fredrik Olofsson for Delaying the game.
5:40 of 1st period - Alexandre Grenier wins face-off versus Michael Latta in Wolfes zone.
5:40 of 1st period - Alexandre Grenier is hit by Tobias Rieder.
5:50 of 1st period - Snap shot by Jonathan Huberdeau.
5:50 of 1st period - Shot Misses the Net.
5:52 of 1st period - Wrist shot by Michael Latta.
5:52 of 1st period - Stopped by Ebbe Siönäs without a rebound.
5:53 of 1st period - Alexandre Grenier wins face-off versus Tobias Rieder in Wolfes zone.
5:53 of 1st period - Alexandre Grenier is hit by Jonathan Huberdeau.
6:23 of 1st period - Off-side.
6:24 of 1st period - Michael Latta wins face-off versus Kyle Rau in neutral zone.
6:43 of 1st period - Damon Severson is hit by William Colbert.
6:49 of 1st period - Griffin Reinhart is hit by Sebastian Aho and loses puck.
7:39 of 1st period - Penalty to Fredrik Olofsson is over, Fredrik Olofsson is back on ice.
7:49 of 1st period - Kyle Rau is hit by Michael Latta.
8:15 of 1st period - Wrist shot by Jonathan Huberdeau.
8:15 of 1st period - Goal by Jonathan Huberdeau - Wolfes : 0 - Remparts : 1.
8:16 of 1st period - Matthew Highmore wins face-off versus Quinton Howden in neutral zone.
8:25 of 1st period - Wrist shot by Thomas Spelling.
8:25 of 1st period - Stopped by Igor Bobkov without a rebound.
8:26 of 1st period - Matthew Highmore wins face-off versus Quinton Howden in Remparts zone.
8:41 of 1st period - Wrist shot by Thomas Spelling.
8:41 of 1st period - Shot Misses the Net.
9:01 of 1st period - Snap shot by Quinton Howden.
9:01 of 1st period - Shot Blocked by Damon Severson.
9:03 of 1st period - Wrist shot by Quinton Howden.
9:03 of 1st period - Shot Misses the Net.
9:05 of 1st period - Snap shot by Michal Jordan.
9:05 of 1st period - Stopped by Ebbe Siönäs with a rebound.
9:17 of 1st period - Snap shot by Kerby Rychel.
9:17 of 1st period - Stopped by Ebbe Siönäs without a rebound.
9:18 of 1st period - Matt Puempel wins face-off versus Kyle Rau in Wolfes zone.
9:32 of 1st period - Off-side.
9:33 of 1st period - Michael McCarron wins face-off versus Fredrik Olofsson in neutral zone.
9:44 of 1st period - Snap shot by Max Friberg.
9:44 of 1st period - Stopped by Igor Bobkov with a rebound.
9:46 of 1st period - Snap shot by Martin Hanzal.
9:46 of 1st period - Stopped by Igor Bobkov with a rebound.
9:48 of 1st period - Snap shot by Max Friberg.
9:48 of 1st period - Stopped by Igor Bobkov with a rebound.
9:54 of 1st period - Minor Penalty to Griffin Reinhart for High sticking.
9:55 of 1st period - Sebastian Aho wins face-off versus Michael Latta in Remparts zone.
9:56 of 1st period - Wrist shot by Max Friberg.
9:56 of 1st period - Shot Blocked by Tobias Rieder.
10:16 of 1st period - Minor Penalty to Tobias Rieder for Hooking.
10:17 of 1st period - Michael Latta wins face-off versus Kyle Rau in Remparts zone.
10:30 of 1st period - Slapshot by Aaron Ekblad.
10:30 of 1st period - Stopped by Ebbe Siönäs without a rebound.
10:31 of 1st period - Michael Latta wins face-off versus Sebastian Aho in Wolfes zone.
10:36 of 1st period - Slapshot by Aaron Ekblad.
10:36 of 1st period - Shot Blocked by Michael Stone.
11:00 of 1st period - Slapshot by Damon Severson.
11:00 of 1st period - Goal by Damon Severson - Wolfes : 1 - Remparts : 1.
11:01 of 1st period - Kyle Rau wins face-off versus Jonathan Huberdeau in neutral zone.
11:51 of 1st period - Icing by Jeffrey Foss.
11:52 of 1st period - Quinton Howden wins face-off versus Kyle Rau in Wolfes zone.
11:57 of 1st period - Slapshot by Aaron Ekblad.
11:57 of 1st period - Shot Misses the Net.
11:59 of 1st period - Wrist shot by Quinton Howden.
11:59 of 1st period - Goal by Quinton Howden - Wolfes : 1 - Remparts : 2.
12:00 of 1st period - Sebastian Aho wins face-off versus Michael Latta in neutral zone.
12:16 of 1st period - Penalty to Tobias Rieder is over, Tobias Rieder is back on ice.
12:27 of 1st period - Niklas Hansson is hit by Eric Robinson.
12:31 of 1st period - Wrist shot by Kyle Rau.
12:31 of 1st period - Shot Blocked by Quinton Howden.
12:54 of 1st period - Slapshot by Aaron Ekblad.
12:54 of 1st period - Shot Blocked by Joe Morrow.
13:03 of 1st period - Icing by Martin Hanzal.
13:04 of 1st period - Michael Latta wins face-off versus Martin Hanzal in Wolfes zone.
13:16 of 1st period - Griffin Reinhart is hit by Joe Morrow.
13:30 of 1st period - Lawson Crouse is hit by Quinton Howden and loses puck.
13:35 of 1st period - Snap shot by Kerby Rychel.
13:35 of 1st period - Stopped by Ebbe Siönäs without a rebound.
13:36 of 1st period - Michael Latta wins face-off versus Sebastian Aho in Wolfes zone.
13:43 of 1st period - Slapshot by Jonathan Huberdeau.
13:43 of 1st period - Shot Misses the Net.
13:45 of 1st period - Wrist shot by Michael Latta.
13:45 of 1st period - Goal by Michael Latta - Wolfes : 1 - Remparts : 3.
13:46 of 1st period - Sebastian Aho wins face-off versus Michael Latta in neutral zone.
13:57 of 1st period - Wrist shot by Sebastian Aho.
13:57 of 1st period - Deflect By Alexandre Grenier.
13:57 of 1st period - Shot Blocked by Michal Jordan.
13:57 of 1st period - Puck is out of play.
13:58 of 1st period - Jonathan Huberdeau wins face-off versus Sebastian Aho in Remparts zone.
14:00 of 1st period - Minor Penalty to Tobias Rieder for Tripping.
14:01 of 1st period - Kyle Rau wins face-off versus Michael Latta in Remparts zone.
14:03 of 1st period - Snap shot by Thomas Spelling.
14:03 of 1st period - Stopped by Igor Bobkov without a rebound.
14:04 of 1st period - Kyle Rau wins face-off versus Michael Latta in Remparts zone.
14:05 of 1st period - Slapshot by Thomas Spelling.
14:05 of 1st period - Deflect By Michael Latta.
14:05 of 1st period - Stopped by Igor Bobkov without a rebound.
14:06 of 1st period - Jonathan Huberdeau wins face-off versus Kyle Rau in Remparts zone.
14:21 of 1st period - Snap shot by Kyle Rau.
14:21 of 1st period - Goal by Kyle Rau - Wolfes : 2 - Remparts : 3.
14:22 of 1st period - Sebastian Aho wins face-off versus Michael Latta in neutral zone.
14:29 of 1st period - Slapshot by Alexandre Grenier.
14:29 of 1st period - Shot Misses the Net.
14:52 of 1st period - Jeffrey Foss is hit by Mitchell Heard and loses puck.
15:20 of 1st period - Wrist shot by Max Friberg.
15:20 of 1st period - Deflect By Niklas Hansson.
15:20 of 1st period - Shot Misses the Net.
15:20 of 1st period - Puck is out of play.
15:21 of 1st period - Sebastian Aho wins face-off versus Michael Latta in Remparts zone.
15:33 of 1st period - Minor Penalty to Lawson Crouse for Tripping.
15:34 of 1st period - Michael Latta wins face-off versus Alexandre Grenier in Wolfes zone.
15:36 of 1st period - Snap shot by Jonathan Huberdeau.
15:36 of 1st period - Shot Hit the Post.
15:38 of 1st period - Snap shot by Michael Latta.
15:38 of 1st period - Shot Blocked by Joe Morrow.
15:40 of 1st period - Snap shot by Michal Jordan.
15:40 of 1st period - Stopped by Ebbe Siönäs with a rebound.
15:42 of 1st period - Slapshot by Michal Jordan.
15:42 of 1st period - Shot Misses the Net.
15:44 of 1st period - Slapshot by Michal Jordan.
15:44 of 1st period - Deflect By Tobias Rieder.
15:44 of 1st period - Shot Misses the Net.
15:44 of 1st period - Puck is out of play.
15:45 of 1st period - Alexandre Grenier wins face-off versus Michael Latta in Wolfes zone.
16:20 of 1st period - Slapshot by Kerby Rychel.
16:20 of 1st period - Goal by Kerby Rychel - Wolfes : 2 - Remparts : 4.
16:20 of 1st period - Laurent Brossoit enters game.
16:21 of 1st period - Thomas Spelling wins face-off versus Tobias Rieder in neutral zone.
16:46 of 1st period - Michael Stone is hit by Kerby Rychel and loses puck.
17:33 of 1st period - Joe Morrow is hit by Roberts Lipsbergs and loses puck.
17:54 of 1st period - Snap shot by Tobias Rieder.
17:54 of 1st period - Stopped by Laurent Brossoit with a rebound.
18:00 of 1st period - Snap shot by Martin Hanzal.
18:00 of 1st period - Shot Blocked by William Colbert.
18:02 of 1st period - Snap shot by Max Friberg.
18:02 of 1st period - Stopped by Igor Bobkov without a rebound.
18:03 of 1st period - Quinton Howden wins face-off versus Sebastian Aho in Remparts zone.
18:09 of 1st period - Off-side.
18:10 of 1st period - Quinton Howden wins face-off versus Sebastian Aho in neutral zone.
18:56 of 1st period - Wrist shot by Tobias Rieder.
18:56 of 1st period - Shot Blocked by Damon Severson.
18:58 of 1st period - Snap shot by Jake Virtanen.
18:58 of 1st period - Shot Blocked by Fredrik Olofsson.
19:00 of 1st period - Wrist shot by Mitchell Heard.
19:00 of 1st period - Shot Misses the Net.
19:02 of 1st period - Slapshot by John Draeger.
19:02 of 1st period - Shot Blocked by Martin Hanzal.
19:04 of 1st period - Slapshot by Niklas Hansson.
19:04 of 1st period - Shot Misses the Net.
19:06 of 1st period - Snap shot by Jake Virtanen.
19:06 of 1st period - Stopped by Laurent Brossoit without a rebound.
19:07 of 1st period - Sebastian Aho wins face-off versus Quinton Howden in Wolfes zone.
19:39 of 1st period - Off-side.
19:40 of 1st period - Kyle Rau wins face-off versus Michael Latta in neutral zone.
Goals for this period are 2 for Wolfes vs 4 for Remparts.
Shots for this period are 10 for Wolfes vs 16 for Remparts.

2nd period


0:01 of 2nd period - Sebastian Aho wins face-off versus Michael Latta in neutral zone.
0:04 of 2nd period - Wrist shot by Sebastian Aho.
0:04 of 2nd period - Stopped by Igor Bobkov with a rebound.
0:12 of 2nd period - Wrist shot by Sebastian Aho.
0:12 of 2nd period - Shot Misses the Net.
0:34 of 2nd period - Snap shot by Kerby Rychel.
0:34 of 2nd period - Shot Misses the Net.
1:17 of 2nd period - Michal Jordan is hit by Michael Stone and loses puck.
2:00 of 2nd period - Michal Jordan is hit by Martin Hanzal and loses puck.
2:11 of 2nd period - Michal Jordan is hit by Lawson Crouse and loses puck.
2:51 of 2nd period - Slapshot by Michael Latta.
2:51 of 2nd period - Stopped by Laurent Brossoit with a rebound.
3:07 of 2nd period - Snap shot by Max Friberg.
3:07 of 2nd period - Stopped by Igor Bobkov with a rebound.
3:25 of 2nd period - Slapshot by Griffin Reinhart.
3:25 of 2nd period - Stopped by Laurent Brossoit with a rebound.
3:37 of 2nd period - Slapshot by Victor Olofsson.
3:37 of 2nd period - Stopped by Igor Bobkov with a rebound.
3:39 of 2nd period - Snap shot by Kyle Rau.
3:39 of 2nd period - Shot Misses the Net.
3:45 of 2nd period - Slapshot by William Colbert.
3:45 of 2nd period - Shot Blocked by Jakub Zboril.
4:04 of 2nd period - Backhand shot by Jonathan Huberdeau.
4:04 of 2nd period - Stopped by Laurent Brossoit without a rebound.
4:05 of 2nd period - Kyle Rau wins face-off versus Quinton Howden in Wolfes zone.
4:10 of 2nd period - Snap shot by Victor Olofsson.
4:10 of 2nd period - Shot Misses the Net.
4:18 of 2nd period - Kyle Rau is hit by Kerby Rychel and loses puck.
4:35 of 2nd period - Off-side.
4:36 of 2nd period - Michael Latta wins face-off versus Alexandre Grenier in neutral zone.
5:01 of 2nd period - Jonathan Huberdeau is hit by Alexandre Grenier and loses puck.
5:29 of 2nd period - Snap shot by Jonathan Huberdeau.
5:29 of 2nd period - Shot Misses the Net.
5:31 of 2nd period - Slapshot by Tobias Rieder.
5:31 of 2nd period - Shot Blocked by Lawson Crouse.
5:33 of 2nd period - Slapshot by Aaron Ekblad.
5:33 of 2nd period - Deflect By Alexandre Grenier.
5:33 of 2nd period - Stopped by Laurent Brossoit without a rebound.
5:34 of 2nd period - Quinton Howden wins face-off versus Martin Hanzal in Wolfes zone.
5:45 of 2nd period - Wrist shot by Kerby Rychel.
5:45 of 2nd period - Stopped by Laurent Brossoit with a rebound.
6:08 of 2nd period - Damon Severson is hit by Niklas Hansson and loses puck.
6:19 of 2nd period - Slapshot by Damon Severson.
6:19 of 2nd period - Deflect By Thomas Spelling.
6:19 of 2nd period - Shot Hit the Post.
6:19 of 2nd period - Puck is out of play.
6:20 of 2nd period - Matthew Highmore wins face-off versus Kyle Platzer in Remparts zone.
6:35 of 2nd period - Backhand shot by Aaron Ekblad.
6:35 of 2nd period - Shot Misses the Net.
7:08 of 2nd period - Slapshot by Jeffrey Foss.
7:08 of 2nd period - Stopped by Igor Bobkov without a rebound.
7:08 of 2nd period - Minor Penalty to Igor Bobkov for Slashing.
7:09 of 2nd period - Kyle Rau wins face-off versus Michael Latta in Remparts zone.
7:19 of 2nd period - Slapshot by Fredrik Olofsson.
7:19 of 2nd period - Shot Misses the Net.
7:21 of 2nd period - Slapshot by Michael Stone.
7:21 of 2nd period - Deflect By Fredrik Olofsson.
7:21 of 2nd period - Shot Misses the Net.
7:21 of 2nd period - Puck is out of play.
7:22 of 2nd period - Michael Latta wins face-off versus Kyle Rau in Remparts zone.
7:47 of 2nd period - Jerry D'Amigo is hit by Michael Stone and loses puck.
8:00 of 2nd period - Snap shot by Quinton Howden.
8:00 of 2nd period - Shot Misses the Net.
8:30 of 2nd period - Max Friberg is hit by Quinton Howden and loses puck.
9:08 of 2nd period - Penalty to William Colbert is over, William Colbert is back on ice.
9:37 of 2nd period - Wrist shot by Sebastian Aho.
9:37 of 2nd period - Shot Misses the Net.
9:43 of 2nd period - Slapshot by Griffin Reinhart.
9:43 of 2nd period - Deflect By Quinton Howden.
9:43 of 2nd period - Stopped by Laurent Brossoit with a rebound.
9:45 of 2nd period - Slapshot by Aaron Ekblad.
9:45 of 2nd period - Deflect By Jerry D'Amigo.
9:45 of 2nd period - Stopped by Laurent Brossoit with a rebound.
9:47 of 2nd period - Slapshot by Griffin Reinhart.
9:47 of 2nd period - Stopped by Laurent Brossoit with a rebound.
9:49 of 2nd period - Snap shot by Quinton Howden.
9:49 of 2nd period - Shot Misses the Net.
9:51 of 2nd period - Snap shot by Aaron Ekblad.
9:51 of 2nd period - Shot Blocked by Max Friberg.
9:53 of 2nd period - Slapshot by Griffin Reinhart.
9:53 of 2nd period - Stopped by Laurent Brossoit with a rebound.
9:55 of 2nd period - Slapshot by Griffin Reinhart.
9:55 of 2nd period - Deflect By Michael Stone.
9:55 of 2nd period - Stopped by Laurent Brossoit without a rebound.
9:56 of 2nd period - Mitchell Heard wins face-off versus Kyle Rau in Wolfes zone.
10:03 of 2nd period - Slapshot by Matt Puempel.
10:03 of 2nd period - Stopped by Laurent Brossoit with a rebound.
10:07 of 2nd period - Snap shot by Matt Puempel.
10:07 of 2nd period - Stopped by Laurent Brossoit with a rebound.
10:09 of 2nd period - Slapshot by Niklas Hansson.
10:09 of 2nd period - Stopped by Laurent Brossoit with a rebound.
10:11 of 2nd period - Snap shot by Mitchell Heard.
10:11 of 2nd period - Stopped by Laurent Brossoit without a rebound.
10:12 of 2nd period - Michael Latta wins face-off versus Kyle Rau in Wolfes zone.
10:25 of 2nd period - Snap shot by Kyle Rau.
10:25 of 2nd period - Stopped by Igor Bobkov with a rebound.
10:41 of 2nd period - Thomas Spelling is hit by John Draeger and loses puck.
10:54 of 2nd period - Niklas Hansson is hit by Fredrik Olofsson and loses puck.
11:23 of 2nd period - Snap shot by Jonathan Huberdeau.
11:23 of 2nd period - Shot Misses the Net.
12:29 of 2nd period - Eric Robinson is hit by Roberts Lipsbergs and loses puck.
12:44 of 2nd period - Minor Penalty to Eric Robinson for Hooking.
12:45 of 2nd period - Alexandre Grenier wins face-off versus Michael Latta in Wolfes zone.
12:54 of 2nd period - Slapshot by Michal Jordan.
12:54 of 2nd period - Deflect By Michael Latta.
12:54 of 2nd period - Shot Misses the Net.
12:54 of 2nd period - Puck is out of play.
12:55 of 2nd period - Michael Latta wins face-off versus Alexandre Grenier in Wolfes zone.
13:00 of 2nd period - Snap shot by Jonathan Huberdeau.
13:00 of 2nd period - Shot Misses the Net.
13:10 of 2nd period - Wrist shot by Jonathan Huberdeau.
13:10 of 2nd period - Shot Blocked by Jeffrey Foss.
14:26 of 2nd period - Backhand shot by Michael Latta.
14:26 of 2nd period - Stopped by Laurent Brossoit with a rebound.
14:28 of 2nd period - Snap shot by Jonathan Huberdeau.
14:28 of 2nd period - Stopped by Laurent Brossoit with a rebound.
14:30 of 2nd period - Snap shot by Jonathan Huberdeau.
14:30 of 2nd period - Shot Blocked by Sebastian Aho.
14:32 of 2nd period - Wrist shot by Michael Latta.
14:32 of 2nd period - Stopped by Laurent Brossoit with a rebound.
14:34 of 2nd period - Wrist shot by Tobias Rieder.
14:34 of 2nd period - Goal by Tobias Rieder - Wolfes : 2 - Remparts : 5.
14:35 of 2nd period - Lawson Crouse wins face-off versus Quinton Howden in neutral zone.
14:40 of 2nd period - Snap shot by Lawson Crouse.
14:40 of 2nd period - Shot Misses the Net.
14:45 of 2nd period - Off-side.
14:46 of 2nd period - Alexandre Grenier wins face-off versus Quinton Howden in neutral zone.
15:12 of 2nd period - Max Friberg is hit by William Colbert and loses puck.
15:32 of 2nd period - Niklas Hansson is hit by Michael Stone and loses puck.
15:53 of 2nd period - Wrist shot by Kerby Rychel.
15:53 of 2nd period - Shot Misses the Net.
15:55 of 2nd period - Wrist shot by Quinton Howden.
15:55 of 2nd period - Shot Misses the Net.
15:57 of 2nd period - Slapshot by Kerby Rychel.
15:57 of 2nd period - Stopped by Laurent Brossoit with a rebound.
15:59 of 2nd period - Wrist shot by Michal Jordan.
15:59 of 2nd period - Deflect By Kerby Rychel.
15:59 of 2nd period - Stopped by Laurent Brossoit with a rebound.
16:09 of 2nd period - Snap shot by Alexandre Grenier.
16:09 of 2nd period - Stopped by Igor Bobkov with a rebound.
16:11 of 2nd period - Slapshot by Jakub Zboril.
16:11 of 2nd period - Goal by Jakub Zboril - Wolfes : 3 - Remparts : 5.
16:12 of 2nd period - Sebastian Aho wins face-off versus Michael Latta in neutral zone.
16:37 of 2nd period - Kerby Rychel is hit by Fredrik Olofsson and loses puck.
16:46 of 2nd period - Snap shot by Martin Hanzal.
16:46 of 2nd period - Stopped by Igor Bobkov with a rebound.
16:48 of 2nd period - Slapshot by Michael Stone.
16:48 of 2nd period - Deflect By Max Friberg.
16:48 of 2nd period - Shot Misses the Net.
16:48 of 2nd period - Puck is out of play.
16:49 of 2nd period - Michael Latta wins face-off versus Alexandre Grenier in Remparts zone.
17:18 of 2nd period - Snap shot by Max Friberg.
17:18 of 2nd period - Goal by Max Friberg - Wolfes : 4 - Remparts : 5.
17:19 of 2nd period - Michael Latta wins face-off versus Sebastian Aho in neutral zone.
17:34 of 2nd period - Aaron Ekblad is hit by Alexandre Grenier and loses puck.
17:57 of 2nd period - Slapshot by Michael Stone.
17:57 of 2nd period - Shot Misses the Net.
18:16 of 2nd period - Slapshot by Kyle Rau.
18:16 of 2nd period - Shot Blocked by Mitchell Heard.
18:18 of 2nd period - Wrist shot by Kyle Rau.
18:18 of 2nd period - Stopped by Igor Bobkov without a rebound.
18:19 of 2nd period - Michael Latta wins face-off versus Sebastian Aho in Remparts zone.
19:29 of 2nd period - Wrist shot by Kyle Rau.
19:29 of 2nd period - Shot Misses the Net.
Goals for this period are 2 for Wolfes vs 1 for Remparts.
Shots for this period are 10 for Wolfes vs 20 for Remparts.

3rd period


0:01 of 3rd period - Michael Latta wins face-off versus Lawson Crouse in neutral zone.
0:06 of 3rd period - Snap shot by Tobias Rieder.
0:06 of 3rd period - Stopped by Laurent Brossoit with a rebound.
0:12 of 3rd period - Slapshot by Tobias Rieder.
0:12 of 3rd period - Shot Misses the Net.
0:16 of 3rd period - Slapshot by Tobias Rieder.
0:16 of 3rd period - Stopped by Laurent Brossoit with a rebound.
0:31 of 3rd period - Snap shot by Martin Hanzal.
0:31 of 3rd period - Stopped by Igor Bobkov without a rebound.
0:32 of 3rd period - Quinton Howden wins face-off versus Martin Hanzal in Remparts zone.
0:32 of 3rd period - Quinton Howden is hit by Martin Hanzal.
1:39 of 3rd period - Damon Severson is hit by Michael Latta and loses puck.
2:10 of 3rd period - Martin Hanzal is hit by Aaron Ekblad and loses puck.
3:16 of 3rd period - Slapshot by Michal Jordan.
3:16 of 3rd period - Shot Misses the Net.
3:22 of 3rd period - Quinton Howden is hit by Michael Stone and loses puck.
3:33 of 3rd period - Damon Severson is hit by Aaron Ekblad and loses puck.
3:59 of 3rd period - Matt Puempel is hit by Eric Robinson.
5:33 of 3rd period - Tobias Rieder is hit by Kyle Rau.
6:30 of 3rd period - Snap shot by Aaron Ekblad.
6:30 of 3rd period - Stopped by Laurent Brossoit without a rebound.
6:31 of 3rd period - Michael Latta wins face-off versus Max Friberg in Wolfes zone.
6:40 of 3rd period - Snap shot by Tobias Rieder.
6:40 of 3rd period - Stopped by Laurent Brossoit without a rebound.
6:41 of 3rd period - Fredrik Olofsson wins face-off versus Michael Latta in Wolfes zone.
6:41 of 3rd period - Fredrik Olofsson is hit by Niklas Hansson.
6:47 of 3rd period - Slapshot by Damon Severson.
6:47 of 3rd period - Deflect By John Draeger.
6:47 of 3rd period - Stopped by Igor Bobkov without a rebound.
6:48 of 3rd period - Sebastian Aho wins face-off versus Michael Latta in Remparts zone.
6:55 of 3rd period - Wrist shot by Sebastian Aho.
6:55 of 3rd period - Shot Blocked by Michal Jordan.
6:57 of 3rd period - Snap shot by Lawson Crouse.
6:57 of 3rd period - Deflect By Sebastian Aho.
6:57 of 3rd period - Stopped by Igor Bobkov with a rebound.
6:59 of 3rd period - Slapshot by Damon Severson.
6:59 of 3rd period - Stopped by Igor Bobkov without a rebound.
7:00 of 3rd period - Sebastian Aho wins face-off versus Michael Latta in Remparts zone.
7:22 of 3rd period - Icing by Michal Jordan.
7:23 of 3rd period - Michael Latta wins face-off versus Martin Hanzal in Remparts zone.
8:27 of 3rd period - Jonathan Huberdeau is hit by Kyle Rau and loses puck.
8:48 of 3rd period - Niklas Hansson is hit by Max Friberg.
9:07 of 3rd period - Wrist shot by Thomas Spelling.
9:07 of 3rd period - Stopped by Igor Bobkov without a rebound.
9:08 of 3rd period - Lawson Crouse wins face-off versus Michael Latta in Remparts zone.
9:38 of 3rd period - Icing by Kyle Rau.
9:39 of 3rd period - Michael Latta wins face-off versus Kyle Rau in Wolfes zone.
9:42 of 3rd period - Snap shot by Jonathan Huberdeau.
9:42 of 3rd period - Shot Misses the Net.
9:59 of 3rd period - Minor Penalty to Michael Latta for Hooking.
10:00 of 3rd period - Quinton Howden wins face-off versus Sebastian Aho in Remparts zone.
10:00 of 3rd period - Quinton Howden is hit by Sebastian Aho.
10:08 of 3rd period - Off-side.
10:09 of 3rd period - Lawson Crouse wins face-off versus Quinton Howden in neutral zone.
10:12 of 3rd period - Wrist shot by Sebastian Aho.
10:12 of 3rd period - Stopped by Igor Bobkov with a rebound.
10:14 of 3rd period - Snap shot by Lawson Crouse.
10:14 of 3rd period - Shot Blocked by Tobias Rieder.
10:16 of 3rd period - Wrist shot by Max Friberg.
10:16 of 3rd period - Goal by Max Friberg - Wolfes : 5 - Remparts : 5.
10:17 of 3rd period - Michael Latta wins face-off versus Sebastian Aho in neutral zone.
10:19 of 3rd period - Michal Jordan is hit by Jeffrey Foss and loses puck.
10:22 of 3rd period - Snap shot by Jonathan Huberdeau.
10:22 of 3rd period - Deflect By Jeffrey Foss.
10:22 of 3rd period - Goal by Jonathan Huberdeau - Wolfes : 5 - Remparts : 6.
10:23 of 3rd period - Michael Latta wins face-off versus Sebastian Aho in neutral zone.
11:10 of 3rd period - Slapshot by Kyle Rau.
11:10 of 3rd period - Shot Blocked by Griffin Reinhart.
11:12 of 3rd period - Snap shot by Eric Robinson.
11:12 of 3rd period - Stopped by Igor Bobkov with a rebound.
11:14 of 3rd period - Snap shot by Kyle Rau.
11:14 of 3rd period - Stopped by Igor Bobkov without a rebound.
11:15 of 3rd period - Michael Latta wins face-off versus Kyle Rau in Remparts zone.
11:15 of 3rd period - Michael Latta is hit by Damon Severson.
11:27 of 3rd period - Snap shot by Jonathan Huberdeau.
11:27 of 3rd period - Stopped by Laurent Brossoit without a rebound.
11:28 of 3rd period - Michael Latta wins face-off versus Sebastian Aho in Wolfes zone.
11:42 of 3rd period - Minor Penalty to Alexandre Grenier for Hooking.
11:43 of 3rd period - Thomas Spelling wins face-off versus Tobias Rieder in Wolfes zone.
12:31 of 3rd period - Wrist shot by Jonathan Huberdeau.
12:31 of 3rd period - Shot Misses the Net.
12:33 of 3rd period - Backhand shot by Aaron Ekblad.
12:33 of 3rd period - Shot Blocked by Joe Morrow.
12:35 of 3rd period - Snap shot by Tobias Rieder.
12:35 of 3rd period - Stopped by Laurent Brossoit with a rebound.
12:53 of 3rd period - Snap shot by Lawson Crouse.
12:53 of 3rd period - Goal by Lawson Crouse - Wolfes : 6 - Remparts : 6.
12:54 of 3rd period - Quinton Howden wins face-off versus Thomas Spelling in neutral zone.
13:07 of 3rd period - Snap shot by Thomas Spelling.
13:07 of 3rd period - Shot Misses the Net.
13:09 of 3rd period - Snap shot by Damon Severson.
13:09 of 3rd period - Shot Misses the Net.
13:42 of 3rd period - Penalty to Alexandre Grenier is over, Alexandre Grenier is back on ice.
13:54 of 3rd period - Slapshot by Alexandre Grenier.
13:54 of 3rd period - Shot Blocked by Michal Jordan.
14:00 of 3rd period - Slapshot by Michal Jordan.
14:00 of 3rd period - Deflect By Joe Morrow.
14:00 of 3rd period - Stopped by Laurent Brossoit with a rebound.
14:02 of 3rd period - Slapshot by Aaron Ekblad.
14:02 of 3rd period - Deflect By Kyle Platzer.
14:02 of 3rd period - Goal by Kyle Platzer - Wolfes : 6 - Remparts : 7.
14:03 of 3rd period - Matthew Highmore wins face-off versus Tobias Rieder in neutral zone.
15:40 of 3rd period - Wrist shot by Kyle Rau.
15:40 of 3rd period - Shot Hit the Post.
16:12 of 3rd period - Minor Penalty to Kerby Rychel for Hooking.
16:13 of 3rd period - Kyle Rau wins face-off versus Michael Latta in Remparts zone.
16:14 of 3rd period - Slapshot by Joe Morrow.
16:14 of 3rd period - Deflect By Thomas Spelling.
16:14 of 3rd period - Stopped by Igor Bobkov with a rebound.
16:16 of 3rd period - Snap shot by Kyle Rau.
16:16 of 3rd period - Shot Hit the Post.
16:55 of 3rd period - Slapshot by Jeffrey Foss.
16:55 of 3rd period - Deflect By Thomas Spelling.
16:55 of 3rd period - Stopped by Igor Bobkov without a rebound.
16:56 of 3rd period - Jerry D'Amigo wins face-off versus Sebastian Aho in Remparts zone.
17:07 of 3rd period - Wrist shot by Sebastian Aho.
17:07 of 3rd period - Stopped by Igor Bobkov without a rebound.
17:08 of 3rd period - Michael Latta wins face-off versus Sebastian Aho in Remparts zone.
17:55 of 3rd period - William Colbert is hit by Thomas Spelling and loses puck.
18:12 of 3rd period - Penalty to Kerby Rychel is over, Kerby Rychel is back on ice.
18:13 of 3rd period - Icing by Lawson Crouse.
18:14 of 3rd period - Mitchell Heard wins face-off versus Sebastian Aho in Wolfes zone.
18:41 of 3rd period - Aaron Ekblad is hit by Lawson Crouse and loses puck.
19:00 of 3rd period - Wolfes, Laurent Brossoit is pulled from the net.
19:24 of 3rd period - Snap shot by Tobias Rieder.
19:24 of 3rd period - Shot Blocked by Louis Belpedio.
19:52 of 3rd period - Snap shot by Sebastian Aho.
19:52 of 3rd period - Shot Misses the Net.
19:54 of 3rd period - Snap shot by Fredrik Olofsson.
19:54 of 3rd period - Stopped by Igor Bobkov with a rebound.
19:56 of 3rd period - Wrist shot by Max Friberg.
19:56 of 3rd period - Shot Hit the Post.
Goals for this period are 2 for Wolfes vs 2 for Remparts.
Shots for this period are 14 for Wolfes vs 9 for Remparts.